[ PARTIDA AOE2 · #480689711 ]
1v1 RMTurcos vs Mongols
Equipo del jugador · VICT
Equipo rival · DERR
[ ANÁLISIS DE REPETICIÓN · EXTRAÍDO DE LA PARTIDA GRABADA ]
Feudal
10:12
Castillos
20:33
Imperial
48:58
| APM promedio | 42.6 |
| APM pico | 140 |
| eAPM promedio | 23.7 |
| Aldeanos / militares | 122 / 179 |
Foco
⚔️ 28.0% · 🌾 72.0%
Camel Scout ×107 · Janissary ×44 · Scout Cavalry ×12 · Battering Ram ×10 · Spearman ×3 · Monk ×3
Feudal
9:09
Castillos
20:23
Imperial
37:33
| APM promedio | 64.2 |
| APM pico | 149 |
| eAPM promedio | 24.0 |
| Aldeanos / militares | 176 / 235 |
Foco
⚔️ 24.5% · 🌾 75.5%
Cavalry Archer ×157 · Scout Cavalry ×25 · Mangudai ×21 · Camel Scout ×17 · Trebuchet (Packed) ×8 · Petard ×6
Mapa de la partida
Recursos iniciales + cada clic de construcción. Líneas = muros · curvas = relieve. ◆ oro · ⬟ piedra · ● bayas · ✦ reliquia · ◌ hueco del cierre
Tu base· Abierta — el rival se encerró
Base de GGYY· ✓ Cerrada en 20:23 · 23t muro · sin puerta
Terreno inicial suavizado · ◌ = hueco del cierre detectado · pasá el cursor para detalles
Inputs por minuto
— Niko - - GGYY
Build order — Niko
Primeras 150 de 495 acciones detectadas
| 0:00 | Crear | Villager (Male) |
| 0:02 | Construir | House |
| 0:04 | Construir | House |
| 0:31 | Crear | Villager (Male) |
| 0:55 | Crear | Villager (Male) |
| 1:03 | Crear | Villager (Male) |
| 1:03 | Crear | Villager (Male) |
| 1:30 | Crear | Villager (Male) |
| 1:30 | Crear | Villager (Male) |
| 1:54 | Construir | Lumber Camp |
| 2:08 | Crear | Villager (Male) |
| 2:09 | Crear | Villager (Male) |
| 2:23 | Crear | Villager (Male) |
| 2:24 | Crear | Villager (Male) |
| 2:49 | Crear | Villager (Male) |
| 3:07 | Crear | Villager (Male) |
| 3:07 | Crear | Villager (Male) |
| 3:36 | Construir | House |
| 3:39 | Crear | Villager (Male) |
| 3:39 | Crear | Villager (Male) |
| 4:00 | Construir | Mill |
| 4:12 | Crear | Villager (Male) |
| 4:17 | Crear | Villager (Male) |
| 4:17 | Crear | Villager (Male) |
| 4:47 | Construir | House |
| 5:08 | Crear | Villager (Male) |
| 5:08 | Crear | Villager (Male) |
| 5:09 | Crear | Villager (Male) |
| 5:30 | Crear | Villager (Male) |
| 5:47 | Crear | Villager (Male) |
| 6:03 | Crear | Villager (Male) |
| 6:26 | Construir | Mining Camp |
| 6:39 | Crear | Villager (Male) |
| 7:01 | Construir | House |
| 7:05 | Construir | House |
| 7:18 | Investigar | Loom |
| 7:19 | Investigar | Loom |
| 8:02 | Investigar | Feudal Age |
| 8:02 | Investigar | Feudal Age |
| 8:10 | Construir | Barracks |
| 9:40 | Construir | House |
| 9:43 | Construir | Palisade Wall |
| 9:48 | Construir | House |
| 9:52 | Construir | Palisade Wall |
| 10:12 | Edad | Edad Feudal |
| 10:33 | Construir | Stable |
| 10:36 | Crear | Villager (Male) |
| 10:45 | Crear | Spearman |
| 10:46 | Crear | Spearman |
| 10:53 | Construir | Farm |
| 11:12 | Crear | Spearman |
| 11:21 | Crear | Villager (Male) |
| 11:22 | Crear | Villager (Male) |
| 11:28 | Construir | Farm |
| 11:34 | Construir | Farm |
| 11:48 | Crear | Villager (Male) |
| 12:01 | Construir | Lumber Camp |
| 12:13 | Construir | House |
| 12:13 | Crear | Scout Cavalry |
| 12:14 | Crear | Scout Cavalry |
| 12:14 | Crear | Scout Cavalry |
| 12:34 | Crear | Villager (Male) |
| 12:40 | Construir | Farm |
| 12:41 | Crear | Villager (Male) |
| 13:06 | Crear | Villager (Male) |
| 13:22 | Construir | Farm |
| 13:24 | Construir | Farm |
| 13:27 | Crear | Villager (Male) |
| 13:35 | Construir | Farm |
| 14:00 | Construir | Farm |
| 14:02 | Crear | Villager (Male) |
| 14:10 | Construir | Farm |
| 14:40 | Crear | Villager (Male) |
| 14:44 | Construir | Market |
| 15:03 | Crear | Villager (Male) |
| 15:03 | Crear | Villager (Male) |
| 15:10 | Construir | Farm |
| 15:47 | Construir | Blacksmith |
| 15:49 | Crear | Villager (Male) |
| 16:04 | Construir | Farm |
| 16:05 | Crear | Villager (Male) |
| 16:24 | Construir | Farm |
| 16:25 | Crear | Villager (Male) |
| 16:32 | Crear | Villager (Male) |
| 16:56 | Construir | Farm |
| 16:59 | Construir | Farm |
| 17:03 | Construir | House |
| 17:11 | Construir | Farm |
| 17:15 | Investigar | Fletching |
| 17:16 | Investigar | Fletching |
| 17:24 | Crear | Villager (Male) |
| 17:36 | Investigar | Wheelbarrow |
| 17:36 | Investigar | Wheelbarrow |
| 17:53 | Investigar | Castle Age |
| 17:54 | Investigar | Castle Age |
| 18:37 | Investigar | Bloodlines |
| 18:37 | Investigar | Bloodlines |
| 18:44 | Crear | Villager (Male) |
| 19:11 | Crear | Scout Cavalry |
| 19:12 | Crear | Scout Cavalry |
| 19:30 | Investigar | Double-Bit Axe |
| 19:30 | Investigar | Double-Bit Axe |
| 19:33 | Investigar | Horse Collar |
| 19:33 | Investigar | Horse Collar |
| 19:40 | Construir | Stable |
| 20:10 | Crear | Scout Cavalry |
| 20:24 | Construir | Farm |
| 20:25 | Construir | Farm |
| 20:27 | Construir | Farm |
| 20:33 | Edad | Edad de los Castillos |
| 20:36 | Crear | Villager (Male) |
| 20:51 | Construir | Mining Camp |
| 20:56 | Crear | Scout Cavalry |
| 20:57 | Investigar | Husbandry |
| 21:09 | Crear | Villager (Male) |
| 21:15 | Construir | Farm |
| 21:18 | Construir | Farm |
| 21:33 | Crear | Villager (Male) |
| 22:08 | Construir | House |
| 22:09 | Construir | House |
| 22:49 | Crear | Camel Scout |
| 22:49 | Crear | Camel Scout |
| 22:49 | Crear | Camel Scout |
| 23:10 | Construir | Town Center |
| 23:21 | Crear | Camel Scout |
| 23:33 | Crear | Camel Scout |
| 23:55 | Crear | Villager (Male) |
| 23:55 | Crear | Villager (Male) |
| 24:09 | Construir | Monastery |
| 24:21 | Crear | Villager (Male) |
| 24:22 | Crear | Villager (Male) |
| 24:50 | Crear | Camel Scout |
| 24:50 | Crear | Camel Scout |
| 24:55 | Investigar | Scale Barding Armor |
| 24:55 | Investigar | Scale Barding Armor |
| 24:55 | Investigar | Forging |
| 24:55 | Investigar | Forging |
| 25:07 | Crear | Villager (Male) |
| 25:07 | Crear | Villager (Male) |
| 25:07 | Crear | Villager (Male) |
| 25:28 | Construir | Town Center |
| 25:32 | Crear | Camel Scout |
| 25:33 | Crear | Camel Scout |
| 25:58 | Crear | Monk |
| 25:58 | Crear | Monk |
| 26:04 | Crear | Villager (Male) |
| 26:05 | Crear | Villager (Male) |
| 26:05 | Crear | Villager (Male) |
| 26:09 | Construir | Farm |
| 26:19 | Construir | House |
Build order — GGYY
Primeras 150 de 414 acciones detectadas
| 0:04 | Construir | House |
| 0:06 | Construir | House |
| 0:12 | Crear | Villager (Male) |
| 0:12 | Crear | Villager (Male) |
| 0:12 | Crear | Villager (Male) |
| 0:12 | Crear | Villager (Male) |
| 0:13 | Crear | Villager (Male) |
| 1:41 | Crear | Villager (Male) |
| 1:42 | Crear | Villager (Male) |
| 1:42 | Crear | Villager (Male) |
| 2:01 | Construir | Lumber Camp |
| 2:14 | Crear | Villager (Male) |
| 2:14 | Crear | Villager (Male) |
| 2:14 | Crear | Villager (Male) |
| 2:22 | Crear | Villager (Male) |
| 2:22 | Crear | Villager (Male) |
| 2:23 | Crear | Villager (Male) |
| 2:48 | Construir | House |
| 2:49 | Construir | House |
| 3:01 | Crear | Villager (Male) |
| 3:02 | Crear | Villager (Male) |
| 3:02 | Crear | Villager (Male) |
| 3:28 | Crear | Villager (Male) |
| 3:28 | Crear | Villager (Male) |
| 3:29 | Crear | Villager (Male) |
| 3:38 | Crear | Villager (Male) |
| 4:18 | Crear | Villager (Male) |
| 4:18 | Crear | Villager (Male) |
| 4:24 | Crear | Villager (Male) |
| 4:24 | Crear | Villager (Male) |
| 4:26 | Crear | Villager (Male) |
| 4:27 | Crear | Villager (Male) |
| 5:18 | Construir | Mill |
| 6:08 | Construir | Mill |
| 6:28 | Investigar | Loom |
| 6:59 | Investigar | Feudal Age |
| 8:57 | Crear | Villager (Male) |
| 8:57 | Crear | Villager (Male) |
| 9:09 | Edad | Edad Feudal |
| 9:20 | Construir | Barracks |
| 9:32 | Construir | House |
| 9:35 | Construir | Blacksmith |
| 9:42 | Crear | Villager (Male) |
| 9:42 | Crear | Villager (Male) |
| 9:48 | Investigar | Double-Bit Axe |
| 9:58 | Construir | House |
| 10:02 | Construir | House |
| 10:06 | Construir | Palisade Wall |
| 10:23 | Construir | Palisade Wall |
| 10:38 | Construir | Palisade Wall |
| 10:50 | Crear | Villager (Male) |
| 10:51 | Crear | Villager (Male) |
| 10:58 | Construir | Farm |
| 11:00 | Construir | Farm |
| 11:08 | Construir | House |
| 11:16 | Construir | Palisade Wall |
| 11:19 | Crear | Villager (Male) |
| 11:19 | Crear | Villager (Male) |
| 11:28 | Construir | House |
| 11:33 | Construir | Lumber Camp |
| 11:35 | Crear | Villager (Male) |
| 11:35 | Crear | Villager (Male) |
| 11:59 | Construir | House |
| 12:08 | Crear | Villager (Male) |
| 12:46 | Construir | Market |
| 13:04 | Construir | Mining Camp |
| 13:32 | Construir | Farm |
| 13:49 | Crear | Villager (Male) |
| 13:49 | Crear | Villager (Male) |
| 14:22 | Construir | Farm |
| 14:27 | Crear | Villager (Male) |
| 14:37 | Construir | Mining Camp |
| 14:42 | Construir | Farm |
| 14:43 | Crear | Villager (Male) |
| 15:08 | Construir | Farm |
| 15:10 | Crear | Villager (Male) |
| 15:40 | Construir | Farm |
| 15:45 | Crear | Villager (Male) |
| 16:03 | Construir | House |
| 16:07 | Construir | Farm |
| 16:14 | Construir | Farm |
| 16:17 | Construir | Farm |
| 16:19 | Crear | Villager (Male) |
| 16:24 | Construir | Farm |
| 16:29 | Construir | House |
| 16:37 | Crear | Villager (Male) |
| 16:56 | Construir | Farm |
| 17:21 | Construir | Farm |
| 17:43 | Investigar | Castle Age |
| 18:22 | Construir | Stable |
| 18:29 | Investigar | Gold Mining |
| 18:46 | Crear | Spearman |
| 19:24 | Construir | Stable |
| 19:28 | Investigar | Bloodlines |
| 20:15 | Crear | Villager (Male) |
| 20:15 | Crear | Villager (Male) |
| 20:23 | Edad | Edad de los Castillos |
| 20:29 | Crear | Camel Scout ×4 |
| 20:29 | Crear | Camel Scout ×4 |
| 20:42 | Construir | Town Center |
| 20:45 | Crear | Villager (Male) |
| 20:46 | Crear | Villager (Male) |
| 21:09 | Construir | Farm |
| 21:12 | Investigar | Horse Collar |
| 21:22 | Crear | Camel Scout |
| 21:22 | Crear | Camel Scout |
| 21:22 | Crear | Camel Scout |
| 21:59 | Crear | Villager (Male) |
| 21:59 | Crear | Villager (Male) |
| 22:03 | Crear | Villager (Male) |
| 22:04 | Crear | Villager (Male) |
| 22:23 | Investigar | Scale Barding Armor |
| 22:54 | Crear | Villager (Male) |
| 22:54 | Crear | Villager (Male) |
| 22:56 | Construir | Farm |
| 22:58 | Construir | Farm |
| 23:14 | Crear | Camel Scout ×2 |
| 23:14 | Crear | Camel Scout ×2 |
| 23:14 | Crear | Camel Scout ×2 |
| 23:25 | Crear | Villager (Male) |
| 23:25 | Crear | Villager (Male) |
| 23:37 | Construir | House |
| 23:45 | Construir | Farm |
| 23:54 | Crear | Villager (Male) |
| 23:55 | Crear | Villager (Male) |
| 23:55 | Crear | Villager (Male) |
| 24:08 | Crear | Villager (Male) |
| 24:08 | Crear | Villager (Male) |
| 24:09 | Crear | Villager (Male) |
| 24:10 | Crear | Villager (Male) |
| 24:24 | Crear | Villager (Male) |
| 24:24 | Crear | Villager (Male) |
| 24:30 | Construir | Town Center |
| 24:33 | Crear | Villager (Male) |
| 24:34 | Crear | Villager (Male) |
| 25:03 | Investigar | Heavy Plow |
| 25:08 | Crear | Villager (Male) |
| 25:45 | Crear | Villager (Male) |
| 25:45 | Crear | Villager (Male) |
| 25:59 | Construir | Castle |
| 26:01 | Crear | Villager (Male) |
| 26:01 | Crear | Villager (Male) |
| 26:14 | Crear | Villager (Male) |
| 26:23 | Investigar | Fletching |
| 26:29 | Crear | Villager (Male) |
| 26:30 | Crear | Villager (Male) |
| 26:30 | Crear | Villager (Male) |
| 27:25 | Crear | Villager (Male) |
| 27:25 | Crear | Villager (Male) |
| 27:32 | Construir | University |
Cronología de la partida
| 8:10 | Niko · first_building Barracks |
| 9:09 | GGYY · age_up feudal |
| 9:20 | GGYY · first_building Barracks |
| 9:43 | Niko · wall_segment Palisade Wall x3 |
| 9:52 | Niko · wall_segment Palisade Wall x6 |
| 10:06 | GGYY · wall_segment Palisade Wall x3 |
| 10:12 | Niko · age_up feudal |
| 10:23 | GGYY · wall_segment Palisade Wall x1 |
| 10:33 | Niko · first_building Stable |
| 10:38 | GGYY · wall_segment Palisade Wall x7 |
| 11:16 | GGYY · wall_segment Palisade Wall x12 |
| 17:46 | Niko · first_market_sell 100 stone |
| 17:48 | Niko · first_market_buy 100 food |
| 18:22 | GGYY · first_building Stable |
| 20:23 | GGYY · age_up castle |
| 20:23 | GGYY · first_market_sell 100 wood |
| 20:33 | Niko · age_up castle |
| 24:09 | Niko · first_building Monastery |
| 25:59 | GGYY · first_building Castle |
| 27:52 | GGYY · first_building Archery Range |
| 28:58 | GGYY · first_market_buy 100 stone |
| 32:03 | Niko · first_building Castle |
| 35:11 | Niko · first_building Siege Workshop |
| 35:46 | Niko · wall_segment Stone Wall x8 |
| 35:52 | GGYY · first_building Siege Workshop |
| 37:33 | GGYY · age_up imperial |
| 44:37 | GGYY · wall_segment Palisade Wall x1 |
| 48:58 | Niko · age_up imperial |
| 54:17 | GGYY · resign |
[ ANÁLISIS IA · 1 CRÉDITO ]
¿Qué pasó realmente en esta partida?
Wolo.gg analiza cada decisión: build order, eco, micro, errores típicos por bracket. Análisis personalizado por WhatsApp o Discord en 30 segundos.
Guía civ
Turcos
Guía mapa
Arabia
Perfil
Niko